Map: Shrines of Lizul

Players

zergul

  • Race: Protoss Protoss
  • Spawn Location: 9:00

JypsyKing

  • Race: Zerg Zerg
  • Spawn Location: 6:00

OpuS

  • Race: Protoss Protoss
  • League: Platinum
  • Spawn Location: 12:00

Sketchaphone

  • Race: Zerg Zerg
  • League: Platinum
  • Spawn Location: 3:00

VOD

Have the link to the VOD?

Description

Time

  • Played on: Feb. 4, 2019, 8:51 p.m.
  • Length: 14:20
Show
View Real Time Build Order
Export as new Build Order

zergul Protoss 

Build Orders:  

Get SALT Encoding   

  12  0:00  Probe  
  13  0:15  Pylon, Probe  
  14  0:23  Probe  
  15  0:36  Gateway  
  15  0:47  Pylon  
  15  0:49  Probe  
  16  1:13  Forge  
  16  1:16  Zealot  
  16  1:18  Pylon  
  16  1:20  Probe  
  19  2:04  Pylon  
  19  2:06  Pylon  
  18  2:10  Zealot  
  18  2:15  Probe  
  20  2:22  Assimilator  
  21  2:23  Probe  
  20  2:33  Probe  
  21  2:39  Photon Cannon  
  21  2:46  Pylon  
  19  3:05  Gateway  
  19  3:06  Gateway  
  19  3:08  Gateway  
  19  3:11  Probe  
  19  3:13  Assimilator  
  19  3:17  Pylon  
  19  3:18  Zealot  
  22  3:24  Pylon, Cybernetics Core  
  22  4:01  Zealot x2  
  22  4:02  Zealot x2  
  30  4:09  Warp Gate  
  29  4:28  Stalker x2, Zealot  
  35  4:43  Stalker  
  37  5:13  Probe  
  37  5:18  Pylon  
  37  5:20  Zealot  
  37  5:21  Zealot x3, Probe  
  35  6:02  Stalker x4  
  37  6:32  Zealot  
  33  6:33  Zealot x3  
  33  6:38  Probe  
  30  6:50  Probe  
  31  7:34  Zealot  
  31  7:35  Zealot x3  
  31  7:41  Stargate  
  31  7:59  Shield Battery  
  31  8:01  Pylon  
  31  8:02  Pylon  
  31  8:20  Twilight Council  
  31  8:23  Stalker x4  
  39  8:46  Stalker  
  39  8:47  Stalker x3  
  47  8:57  Void Ray  
  45  9:40  Void Ray  
  31  10:09  Nexus  
  27  10:44  Oracle  
  23  10:56  Stalker  
  28  11:16  Oracle  
  31  11:40  Stalker x3  
  37  12:50  Void Ray  
  37  12:56  Stalker  
  37  12:57  Stalker x3  
  45  13:03  Stargate  
  49  13:33  Void Ray  
  53  13:39  Stalker x4  
Show
View Real Time Build Order
Export as new Build Order

JypsyKing Zerg 

Build Orders: Pool First 

Get SALT Encoding   

  12  0:03  Drone  
  13  0:09  Drone  
  14  0:29  Spawning Pool  
  14  0:31  Drone  
  14  0:41  Overlord  
  14  0:58  Extractor  
  14  1:01  Drone x2, Extractor  
  14  1:02  Drone  
  15  1:13  Drone  
  15  1:15  Queen  
  18  1:23  Drone  
  19  1:35  Drone  
  20  2:03  Drone  
  20  2:04  Drone  
  22  2:10  Evolution Chamber  
  21  2:26  Drone  
  21  2:27  Metabolic Boost  
  21  2:29  Overlord, Hatchery  
  21  2:33  Overlord  
  21  2:37  Overlord  
  21  2:44  Drone  
  22  2:52  Zerg Melee Weapons Level 1  
  22  2:57  Zergling x4  
  24  3:09  Zergling x2  
  25  3:15  Zergling x2  
  25  3:16  Zergling x6  
  29  3:26  Zergling x2  
  30  3:41  Spine Crawler  
  30  3:42  Spine Crawler  
  28  3:55  Zergling x4  
  30  3:56  Zergling x10  
  29  4:24  Zergling x8  
  32  4:33  Zergling x4  
  34  4:49  Zergling x8  
  38  5:15  Zergling x2  
  38  5:16  Zergling x6  
  38  5:17  Zergling x4  
  43  5:41  Zergling x6  
  43  5:42  Zergling x10  
  41  6:22  Zergling x8  
  41  6:23  Zergling x10  
  37  6:35  Zergling x4  
  34  6:50  Zergling x4  
  34  6:51  Zergling x4  
  32  7:29  Zergling x10  
  40  7:30  Zergling x4  
  40  7:33  Zergling x2  
  40  7:34  Zergling x2  
  36  7:51  Zergling x8  
  37  7:54  Drone x2  
  35  8:36  Zergling x8  
  35  8:37  Zergling x8  
  40  9:10  Lair  
  40  9:15  Baneling Nest, Drone x4  
  40  9:16  Drone x3  
  40  9:42  Zergling x10  
  41  9:53  Zergling x6  
  41  9:54  Zergling x2  
  43  10:13  Zergling x6  
  45  10:21  Zergling x2  
  45  10:22  Zergling x6  
  47  10:30  Overseer  
  47  10:40  Hydralisk Den  
  47  10:42  Zerg Missile Weapons Level 1  
  46  10:59  Extractor  
  20  11:29  Drone x5  
  20  11:30  Drone x4  
  27  11:40  Grooved Spines  
  27  11:43  Hydralisk x2  
  31  11:50  Extractor  
  30  12:01  Drone x3  
  31  12:02  Drone  
  34  12:12  Hydralisk x2  
  38  12:29  Nydus Network  
  37  12:32  Lurker Den  
  37  12:33  Drone  
  37  12:36  Hydralisk  
  39  12:52  Muscular Augments, Hydralisk x2  
  37  13:30  Drone x2  
  37  13:32  Drone x2  
  37  13:33  Drone x2  
  37  13:34  Drone x5  
  48  13:43  Overseer  
  48  13:51  Hydralisk  
  48  13:54  Overlord  
  48  13:55  Overlord  
Show
View Real Time Build Order
Export as new Build Order

OpuS Protoss 

Build Orders:  

Get SALT Encoding   

  12  0:01  Probe  
  13  0:13  Probe  
  14  0:22  Pylon  
  14  0:25  Probe  
  15  0:40  Probe  
  15  0:42  Gateway  
  16  0:50  Probe  
  17  0:58  Probe  
  17  1:04  Gateway  
  18  1:12  Probe  
  19  1:19  Assimilator  
  19  1:20  Probe  
  19  1:22  Pylon  
  20  1:39  Zealot  
  22  1:58  Zealot  
  24  2:04  Forge  
  24  2:16  Probe  
  24  2:18  Zealot  
  24  2:22  Cybernetics Core  
  27  2:28  Probe  
  27  2:36  Pylon  
  27  2:48  Zealot  
  27  2:50  Warp Gate  
  29  2:55  Assimilator  
  29  2:58  Gateway  
  29  3:14  Probe  
  29  3:16  Photon Cannon  
  30  3:22  Probe  
  31  3:32  Twilight Council  
  31  3:47  Probe  
  32  3:49  Charge  
  30  3:59  Probe  
  31  4:07  Gateway  
  31  4:11  Zealot x3  
  31  4:49  Zealot x3  
  37  4:54  Protoss Ground Weapons Level 1, Pylon  
  37  4:56  Pylon  
  37  5:02  Zealot  
  39  5:14  Zealot x3  
  45  5:30  Zealot  
  29  5:47  Zealot x3  
  29  6:11  Zealot x3  
  29  6:12  Zealot  
  37  6:31  Zealot  
  37  6:32  Zealot x3  
  35  6:52  Zealot x2  
  35  6:53  Zealot x2  
  43  7:13  Photon Cannon  
  43  7:15  Photon Cannon  
  43  7:29  Pylon  
  40  7:56  Templar Archives  
  40  8:01  Zealot  
  40  8:02  Zealot  
  44  8:09  Zealot  
  46  8:24  Pylon  
  46  8:37  Shield Battery  
  46  8:38  Shield Battery  
  46  8:42  Shield Battery  
  44  8:56  Zealot  
  44  8:57  Zealot  
  48  9:07  Pylon  
  48  9:15  Dark Shrine  
  46  9:42  High Templar  
  46  9:43  High Templar x3  
  36  10:02  Gateway  
  36  10:04  Gateway  
  36  10:06  Gateway  
  30  10:08  Gateway  
  30  10:09  Archon  
  30  10:10  Archon  
  30  10:24  Stalker x2  
  34  11:22  Nexus  
  16  12:32  Dark Templar  
  16  12:45  Probe  
  17  12:53  Probe  
  18  13:00  Assimilator  
  16  13:20  Zealot x3  
  16  13:21  Zealot x3  
  28  13:39  Probe  
  28  13:47  Probe  
  29  13:48  Stalker  
  30  14:08  Zealot  
  30  14:09  Zealot x2  
Show
View Real Time Build Order
Export as new Build Order

Sketchaphone Zerg 

Build Orders: Pool First 

Get SALT Encoding   

  12  0:02  Drone  
  13  0:11  Drone  
  14  0:25  Extractor  
  13  0:34  Spawning Pool, Drone  
  13  0:40  Drone  
  14  0:51  Overlord  
  14  0:56  Extractor  
  13  0:57  Drone  
  15  1:17  Drone  
  16  1:26  Queen  
  16  1:29  Zergling x6  
  21  1:56  Drone  
  22  2:04  Metabolic Boost  
  22  2:14  Overlord  
  22  2:19  Hatchery  
  21  2:39  Drone  
  21  2:41  Overlord  
  22  2:57  Drone  
  22  3:05  Drone  
  23  3:12  Hatchery  
  22  3:15  Zergling x6  
  25  3:27  Lair  
  25  3:31  Zergling x2  
  25  3:32  Zergling x2  
  27  4:00  Drone  
  27  4:01  Drone  
  28  4:10  Drone x3  
  30  4:20  Drone  
  30  4:24  Hatchery  
  30  4:26  Zergling x2  
  30  4:27  Zergling x8  
  34  4:33  Baneling Nest  
  34  4:35  Zergling x2  
  35  4:41  Zergling x2  
  36  4:45  Overlord  
  36  4:48  Spine Crawler  
  36  4:49  Spine Crawler  
  31  5:03  Zergling x10  
  31  5:05  Zergling x2  
  37  5:12  Zergling x2  
  37  5:19  Zergling x2  
  30  5:24  Baneling x5  
  30  5:25  Baneling  
  30  5:26  Zergling x2  
  30  5:27  Zergling x8  
  11  5:39  Zergling x4  
  11  5:41  Baneling  
  10  5:55  Zergling x4  
  9  6:10  Drone x2  
  8  6:35  Drone  
  8  7:16  Drone x2  
  10  7:35  Drone  
  11  7:38  Drone  
  11  7:42  Extractor  
  11  8:11  Drone x2  
  11  8:12  Drone  
  13  8:33  Drone x2  
  14  8:53  Baneling  
  14  8:54  Baneling  
  14  9:01  Drone x2  
  14  9:02  Queen  
  18  9:16  Zergling x2  
  20  9:17  Drone  
  12  9:45  Zergling x4  
  13  9:52  Zergling x2  
  14  9:58  Drone  
  15  10:05  Baneling x2  
  3  10:28  Drone  
  4  10:50  Drone  
  5  11:06  Drone  
  6  11:31  Drone x2  
  1  13:38  Drone x3  
Tags
 
Add a new tag
Caveats
  • Supply blocks, unpowered buildings, or Contaminate may cause inaccurate times.
  • Supply counts are checked every 10 seconds.